 Dungeon Crawl Stone Soup version 0.21-a0-521-g1cd18d1 (webtiles) character file.

7432 kiturien the Carver (level 10, -43/90 HPs)
             Began as a Minotaur Fighter on Dec 5, 2017.
             Was a Believer of Wu Jian.
             Annihilated by an enormous slime creature (76 damage)
             ... on level 9 of the Dungeon.
             The game lasted 00:23:32 (9504 turns).

kiturien the Carver (Minotaur Fighter)              Turns: 9504, Time: 00:23:33

Health: -43/90     AC:  7    Str: 24    XL:     10   Next: 93%
Magic:  9/9        EV: 15    Int:  5    God:    Wu Jian [**....]
Gold:   402        SH: 12    Dex: 10    Spells: 9/9 levels left

rFire    . . .     SeeInvis .   o - +4 scimitar (vamp)
rCold    + + .     Gourm    .   c - +0 shield
rNeg     . . .     Faith    .   s - +2 ring mail {MR+}
rPois    .         Spirit   .   (helmet restricted)
rElec    +         Reflect  .   w - +0 cloak
rCorr    .         Harm     .   (no gloves)
MR       .....                  (no boots)
Stlth    ..........             (no amulet)
HPRegen  0.25/turn              h - ring of protection from cold
MPRegen  0.11/turn              f - +3 ring of evasion

@: vulnerable
A: retaliatory headbutt, horns 2, cold resistance 1, deformed body, electricity
resistance
a: Renounce Religion


You were on level 9 of the Dungeon.
You worshipped Wu Jian.
Wu Jian was pleased with you.
You were not hungry.

You visited 2 branches of the dungeon, and saw 10 of its levels.
You also visited: Bailey.

You collected 642 gold pieces.
You spent 240 gold pieces at shops.

Inventory:

Hand Weapons
 a - a +0 long sword
 o - a +4 vampiric scimitar (weapon)
Missiles
 A - 9 throwing nets (quivered)
Armour
 c - a +0 shield (worn)
 s - a +2 ring mail of magic resistance (worn)
 w - a +0 cloak (worn)
Jewellery
 f - a +3 ring of evasion (right hand)
 h - a ring of protection from cold (left hand)
Wands
 l - a wand of flame (22)
 t - a wand of paralysis (21)
 x - a wand of digging (6)
Scrolls
 e - 6 scrolls of identify
 i - 11 scrolls of remove curse
 k - a scroll of blinking
 p - 2 scrolls of fear
 q - 3 scrolls of amnesia
 y - a scroll of teleportation
Potions
 d - 2 potions of might
 j - 6 potions of curing
 n - 3 potions of flight
 u - 3 potions of haste
Comestibles
 b - 4 chunks of flesh
 g - 5 royal jellies
 m - 6 fruits
 r - 6 bread rations
 v - a meat ration


   Skills:
 * Level 8.8 Fighting
 * Level 12.1 Long Blades
 * Level 9.0 Armour
 * Level 6.0 Dodging
 * Level 9.9 Shields


You had 9 spell levels left.
You didn't know any spells.

Dungeon Overview and Level Annotations

Branches:
Dungeon (9/15)             Temple (1/1) D:5            Lair (0/6) D:9
    Orc: D:9-12

Altars:
Ashenzari
Cheibriados
Dithmenos
Elyvilon
Fedhas
Gozag
Hepliaklqana
Kikubaaqudgha
Makhleb
Nemelex Xobeh
Okawaru
Qazlal
Ru
Sif Muna
Trog
Uskayaw
Vehumet
Wu Jian
Xom
Yredelemnul
Zin
The Shining One

Shops:
D:7 **


Innate Abilities, Weirdness & Mutations

You reflexively headbutt those who attack you in melee.
You have a pair of horns on your head.
Your flesh is cold resistant. (rC+)
Armour fits poorly on your strangely shaped body.
You are resistant to electric shocks. (rElec)


Message History

The enormous slime creature is heavily wounded.
The enormous slime creature barely misses you.
You riposte.
You slice the enormous slime creature!!
The enormous slime creature is heavily wounded.
You slash the enormous slime creature!
You headbutt the enormous slime creature!
The enormous slime creature is severely wounded.
You block the enormous slime creature's attack.
You hit the enormous slime creature.
The enormous slime creature is severely wounded.
The enormous slime creature hits you!!!
Ouch! That really hurt!
* * * LOW HITPOINT WARNING * * *
You slash the enormous slime creature!
You feel better.
The enormous slime creature is severely wounded.
You slice the enormous slime creature!!
The enormous slime creature is almost dead.
The enormous slime creature hits you!!!!
Ouch! That really hurt!
You die...

#...... #?..)..
#.#+### .. #...... #
#.# .. #.#.#.#
#.#?#####. #.....#
.#...... #####.#
...... #.# #.##.#
... #######.#
##.##.# #..
......... +..J@.#
#.# #######.#
##.##.# #.# #.#
#.##.###.#########.#
#.##................
#.##.###.#########.#
#...................
####.###.#########.#
#.# #.# #.# #.# #.#
#####.#


You could see an enormous slime creature.

Vanquished Creatures
  Pikel (D:7)
  Maurice (D:9)
  Joseph (D:7)
  A slime creature (D:9)
  A hippogriff (D:8)
  Sigmund (D:2)
  3 hogs (D:7)
  A human (D:7)
  A yak (D:7)
  A hungry ghost (D:7)
  A water moccasin (D:8)
  6 orc warriors
  3 sky beasts
  2 black bears
  4 necrophages (D:8)
  An ice beast (D:9)
  A phantom (D:9)
  An ogre (D:9)
  4 centaurs
  A crocodile (D:8)
  2 big kobolds (D:8)
  8 gnoll sergeants (Bailey)
  A wyvern zombie (D:6)
  2 howler monkeys
  A bullfrog zombie (D:9)
  6 crimson imps
  A quasit (D:9)
  5 hounds
  6 orc priests
  11 orc wizards
  A bullfrog skeleton (D:4)
  6 gnoll shamans (Bailey)
  Ijyb (D:5)
  6 iguanas
  12 worker ants
  A killer bee zombie (D:8)
  2 hound zombies (D:8)
  A hound skeleton (D:5)
  17 gnolls
  9 adders
  A shadow imp (D:6)
  An adder skeleton (D:3)
  2 adder zombies
  3 worms
  3 dart slugs
  6 leopard geckos
  33 orcs
  3 ball pythons
  9 bats
  3 giant cockroaches
  7 goblins
  10 hobgoblins
  2 jackals (D:5)
  4 quokkas
  8 frilled lizards
  A jackal zombie (D:8)
  19 kobolds
  A quokka skeleton (D:4)
  14 rats
  A bush (D:8)
  A plant (D:8)
267 creatures vanquished.

Vanquished Creatures (others)
  2 plants (D:8)
2 creatures vanquished.

Grand Total: 269 creatures vanquished

Notes
Turn   | Place    | Note
-------+----------+-------------------------------------------
     0 | D:1      | kiturien the Minotaur Fighter began the quest for the Orb.
     0 | D:1      | Reached XP level 1. HP: 19/19 MP: 0/0
    68 | D:1      | Reached XP level 2. HP: 14/27 MP: 1/1
   866 | D:2      | Reached XP level 3. HP: 25/33 MP: 2/2
  1001 | D:2      | Noticed Sigmund
  1013 | D:2      | Killed Sigmund
  1013 | D:2      | Reached skill level 4 in Long Blades
  1013 | D:2      | Reached skill level 1 in Dodging
  1013 | D:2      | Reached XP level 4. HP: 31/41 MP: 3/3
  1013 | D:2      | Reached XP level 5. HP: 36/47 MP: 4/4
  1608 | D:3      | Reached XP level 6. HP: 17/53 MP: 5/5
  2316 | D:3      | Found a shattered altar of Ashenzari.
  2348 | D:3      | Reached skill level 5 in Armour
  2383 | D:3      | Reached skill level 5 in Long Blades
  2433 | D:3      | Noticed a sky beast
  2439 | D:3      | Killed a sky beast
  2439 | D:3      | Reached skill level 5 in Shields
  2445 | D:3      | Gained mutation: You are resistant to electric shocks. (rElec) [mutagenic meat]
  2446 | D:3      | Gained mutation: You evolve. [mutagenic meat]
  3227 | D:5      | Entered Level 5 of the Dungeon
  3352 | D:5      | Noticed a sky beast
  3363 | D:5      | Noticed Ijyb
  3365 | D:5      | Killed a sky beast
  3365 | D:5      | Reached skill level 5 in Fighting
  3365 | D:5      | Reached skill level 6 in Long Blades
  3365 | D:5      | Reached XP level 7. HP: 26/61 MP: 6/6
  3373 | D:5      | Killed Ijyb
  3392 | D:5      | Gained mutation: You have sharp fingernails. [mutagenic meat]
  3393 | D:5      | Gained mutation: Armour fits poorly on your strangely shaped body. [mutagenic meat]
  3394 | D:5      | Gained mutation: You have a pair of large horns on your head. [mutagenic meat]
  3395 | D:5      | Lost mutation: You evolve. [mutagenic meat]
  3941 | D:5      | Found a staircase to the Ecumenical Temple.
  4066 | Temple   | Entered the Ecumenical Temple
  4733 | D:5      | Reached skill level 7 in Long Blades
  4923 | D:5      | Reached XP level 8. HP: 5/69 MP: 7/7
  5666 | D:6      | Identified a scroll of acquirement
  6234 | D:7      | Reached skill level 8 in Long Blades
  6240 | D:7      | Found a hazy altar of Hepliaklqana.
  6246 | D:7      | Noticed Joseph
  6279 | D:7      | Killed Joseph
  6279 | D:7      | Reached XP level 9. HP: 11/78 MP: 8/8
  6658 | D:7      | Found Efilat's General Store.
  6668 | D:7      | Bought a scroll of brand weapon for 240 gold pieces
  6975 | D:7      | Found Vuimugaq's General Store.
  6975 | D:7      | Noticed Pikel
  6999 | D:7      | Killed Pikel
  6999 | D:7      | Reached skill level 9 in Long Blades
  7168 | D:7      | Reached skill level 10 in Long Blades
  7179 | D:7      | Reached skill level 5 in Dodging
  7452 | D:8      | Reached XP level 10. HP: 67/86 MP: 9/9
  7666 | D:8      | Found an ornate altar of the Wu Jian Council.
  7671 | D:8      | Found a hide-covered altar of Uskayaw.
  7674 | D:8      | Became a worshipper of the Wu Jian Council
  7885 | D:8      | Reached * piety under Wu Jian
  8155 | D:8      | Reached skill level 11 in Long Blades
  8315 | D:8      | Found a blossoming altar of Fedhas.
  8497 | D:9      | Lost mutation: You have a pair of large horns on your head. [potion of mutation]
  8497 | D:9      | Lost mutation: You have sharp fingernails. [potion of mutation]
  8497 | D:9      | Lost mutation: Armour fits poorly on your strangely shaped body. [potion of mutation]
  8497 | D:9      | Gained mutation: Armour fits poorly on your strangely shaped body. [potion of mutation]
  8497 | D:9      | Gained mutation: Your flesh is cold resistant. (rC+) [potion of mutation]
  8570 | D:9      | Found a burning altar of Makhleb.
  8570 | D:9      | Noticed a blizzard demon
  8648 | D:9      | Noticed Maurice
  8660 | D:9      | Killed Maurice
  8836 | D:9      | Found a staircase to the Lair.
  8870 | D:9      | Found a flagged portal.
  8883 | Bailey   | Entered a bailey
  8899 | Bailey   | Reached ** piety under Wu Jian
  8997 | Bailey   | Reached skill level 12 in Long Blades
  9398 | D:9      | Got a brightly glowing spear
  9399 | D:9      | Identified the +6 spear of Yvab {drain, +Fly Dex+3} (You found it on level 9 of the Dungeon)
  9504 | D:9      | Annihilated by an enormous slime creature

Vault maps used:
D:1:      tarquinn_simple_flora_water_f, patterned_corridor
D:2:      uniq_sigmund
D:3:      nicolae_overflow_hidden_temple, uniq_crazy_yiuf_cottage
D:5:      minmay_temple_entry_statues_pillars, first_bread, uniq_ijyb
D:6:      cheibrodos_sewer_entry_drain
D:7:      lemuel_doored_altar, serial_shops, nicolae_shop_trees, shop,
          grunt_livestock, uniq_joseph, uniq_pikel
D:8:      fedhas_altar_decomposition, minitemple
D:9:      makhleb_altar_promises_db, serial_shops, shop_fountains,
          enter_bailey_2, uniq_maurice
Temple:   nicolae_temple_elliptical
Bailey:   bailey_polearm_gnolls_kennysheep, bailey

Skill      XL: |  1  2  3  4  5  6  7  8  9 10 |
---------------+-------------------------------+-----
Fighting       | 4 5 6 7 8 |  8.8
Shields        | 4 5 6 7 8 9 |  9.9
Armour         | 4 5 6 7 8 9 |  9.0
Long Blades    | 4 6 7 8 10 12 | 12.1
Dodging        | 1 2 3 5 6 |  6.0

Action                   |  1- 3 |  4- 6 |  7- 9 | 10-12 || total
-------------------------+-------+-------+-------+-------++-------
Melee: Long sword        |    63 |   160 |   237 |       ||   460
       Headbutt          |    14 |    24 |    65 |    79 ||   182
       Dagger            |    17 |       |       |       ||    17
       Scimitar          |       |       |   106 |   299 ||   405
  Use: Potion            |     4 |     2 |     4 |     2 ||    12
       Scroll            |     3 |     5 |     5 |     4 ||    17
  Eat: Chunk             |       |     5 |    15 |     7 ||    27
       Bread ration      |       |     1 |       |       ||     1
       Meat ration       |       |       |     1 |       ||     1
Armor: Scale mail        |    51 |    66 |    24 |       ||   141
       Ring mail         |       |       |    38 |    34 ||    72
Dodge: Dodged            |    45 |    66 |   166 |   126 ||   403
Block: Shield            |    47 |    77 |   184 |   181 ||   489
       Rpst.: Long sword |    11 |    15 |    27 |       ||    53
       Scimitar          |       |       |    14 |    28 ||    42

Table legend:
 A = Spawn XP
 B = Non-spawn XP
 C = Spawn XP percentage of total XP
 D = Spawn monster count
 E = Non-spawn monster count
 F = Spawn count percentage of total count
 G = Total turns spent on level
                    A         B        C        D         E        F      G
               +---------+---------+-------+---------+---------+-------+---------
         Total |       0 |   10618 |   0.0 |       0 |     265 |   0.0 |  9504
               +---------+---------+-------+---------+---------+-------+---------
           D:1 |       0 |      38 |   0.0 |       0 |      23 |   0.0 |   861
           D:2 |       0 |     294 |   0.0 |       0 |      27 |   0.0 |  1011
           D:3 |       0 |     243 |   0.0 |       0 |      24 |   0.0 |   727
           D:4 |       0 |     115 |   0.0 |       0 |       8 |   0.0 |   628
           D:5 |       0 |     547 |   0.0 |       0 |      19 |   0.0 |  1710
           D:6 |       0 |     927 |   0.0 |       0 |      31 |   0.0 |  1130
           D:7 |       0 |    3010 |   0.0 |       0 |      25 |   0.0 |  1156
           D:8 |       0 |    2474 |   0.0 |       0 |      52 |   0.0 |  1108
           D:9 |       0 |    1741 |   0.0 |       0 |      26 |   0.0 |   523
        Bailey |       0 |    1229 |   0.0 |       0 |      30 |   0.0 |   485
               +---------+---------+-------+---------+---------+-------+---------
